 Dungeon Crawl Stone Soup version 0.23.2-1-ga50397a (webtiles) character file.

Game seed: 3800532289322916880

122014 MalarOregon the Impaler (level 16, 0/116 HPs)
             Began as a Merfolk Gladiator on May 16, 2019.
             Was a High Priest of Hepliaklqana.
             Slain by an alligator (9 damage)
             ... led by an alligator
             ... on level 1 of the Swamp.
             The game lasted 01:42:05 (33663 turns).

MalarOregon the Impaler (Merfolk Gladiator)        Turns: 33663, Time: 01:42:06

Health: 0/116      AC: 14    Str: 18    XL:     16   Next: 86%
Magic:  11/11      EV: 18    Int: 12    God:    Hepliaklqana [*****.]
Gold:   182        SH: 18    Dex: 16    Spells: 15/23 levels left

rFire    . . .     SeeInvis +   a - +2 trident (antimagic)
rCold    . . .     Gourm    .   i - +0 shield
rNeg     . . .     Faith    .   S - +0 swamp dragon scales
rPois    +         Spirit   .   I - +0 helmet of Keozeth {Str+2}
rElec    .         Reflect  +   p - +1 cloak
rCorr    .         Harm     .   x - +2 pair of gloves
MR       +....     Clarity  +   (no boots)
Stlth    +.........             R - +4 amulet of reflection
HPRegen  0.29/turn              Z - ring of magical power
MPRegen  0.12/turn              z - ring of see invisible

@: no status effects
A: change form in water, swift swim, stealthy swim, reduced essence, iridescent
scales 1, clarity, deformed body
a: Recall Ancestor, Ancestor Identity, Transference, Idealise, Renounce Religion


You were on level 1 of the Swamp.
You worshipped Hepliaklqana.
Hepliaklqana was extremely pleased with you.
You were near starving.

You visited 5 branches of the dungeon, and saw 22 of its levels.
You also visited: Ossuary and Ice Cave.

You collected 1897 gold pieces.
You spent 1715 gold pieces at shops.

Inventory:

Hand Weapons
 a - a +2 antimagic trident (weapon)
   (You took it off an orc on level 4 of the Dungeon)
Missiles
 c - 382 arrows
 C - 5 javelins of penetration (quivered)
 X - 7 throwing nets {!f}
Armour
 i - a +0 shield (worn)
   (You found it on level 2 of the Dungeon)
 p - a +1 cloak (worn)
   (You found it on level 1 of the Dungeon)
 u - a scarf of cloud immunity
   (You found it on level 1 of the Spider Nest)
 w - the +4 moon troll leather armour {Spirit, Regen++ MP+5}
   (You bought it in a shop on level 7 of the Dungeon)

   It affects your magic capacity (+5).
   It increases your rate of regeneration.
 x - a +2 pair of gloves (worn)
   (You found it on level 4 of the Spider Nest)
 I - the +0 helmet of Keozeth (worn) {Str+2}
   (You found it on level 2 of the Spider Nest)

   It affects your strength (+2).
 K - a +4 ring mail of fire resistance
   (You found it in an ice cave)
 N - a +2 leather armour of cold resistance
   (You found it in an ice cave)
 S - +0 swamp dragon scales (worn)
   (You found it on level 3 of the Lair of Beasts)
Jewellery
 z - a ring of see invisible (right hand)
   (You found it on level 2 of the Spider Nest)
 A - an uncursed ring of fire
   (You found it on level 7 of the Dungeon)
 L - an uncursed ring of ice
   (You found it in an ice cave)
 M - an uncursed amulet of magic regeneration {unknown}
   (You found it on level 2 of the Spider Nest)
 O - an uncursed ring of protection from cold {unknown}
   (You found it on level 3 of the Spider Nest)
 R - a +4 amulet of reflection (around neck)
   (You found it on level 2 of the Lair of Beasts)
 Z - a ring of magical power (left hand)
   (You found it on level 5 of the Lair of Beasts)
Wands
 d - a wand of iceblast (13)
   (You found it on level 2 of the Spider Nest)
 n - a wand of clouds (6)
   (You bought it in a shop on level 9 of the Dungeon)
 t - a wand of flame (18)
   (You bought it in a shop on level 9 of the Dungeon)
 v - a wand of digging (10)
   (You found it on level 4 of the Spider Nest)
 E - a wand of enslavement (5)
   (You bought it in a shop on level 9 of the Dungeon)
Scrolls
 f - 3 scrolls of immolation {!r}
 g - 7 scrolls of teleportation {@r4}
 h - a scroll of brand weapon {unknown}
 j - a scroll of magic mapping
 l - 8 scrolls of remove curse {@r2}
 B - 5 scrolls of enchant armour
 H - a scroll of enchant weapon
 U - a scroll of holy word
 V - a scroll of fog
 W - 7 scrolls of identify {@r1}
Potions
 b - 2 potions of mutation {!q}
 k - a potion of resistance
 m - 6 potions of haste {@q3}
 o - 4 potions of heal wounds {@q2}
 q - 4 potions of brilliance
 r - 2 potions of flight
 s - 3 potions of agility
 y - a potion of ambrosia
 G - a potion of cancellation
 J - 2 potions of invisibility
 P - 2 potions of might {unknown}
 Q - 3 potions of lignification {!q}
Miscellaneous
 D - a fan of gales (inert)
   (You found it on level 9 of the Dungeon)
 F - 3 phantom mirrors
 Y - a phial of floods (inert)
   (You found it on level 5 of the Lair of Beasts)
Comestibles
 e - 44 rations {!d}


   Skills:
 + Level 12.9 Fighting
 - Level 16.0 Polearms
 - Level 2.0 Throwing
 + Level 6.2 Armour
 - Level 10.0 Dodging
 - Level 15.0 Shields
 - Level 4.0 Spellcasting
 - Level 6.0 Transmutations
 + Level 6.2 Ice Magic
 + Level 9.1 Invocations
 + Level 12.0 Evocations


You had 15 spell levels left.
You knew the following spells:

 Your Spells              Type           Power        Failure   Level  Hunger
a - Ozocubu's Refrigerat  Ice            ###.......   99%         6    #######
s - Sticks to Snakes      Tmut           ###.....     4%          2    ##.....

Your spell library contained the following spells:

 Spells                   Type           Power        Failure   Level  Hunger
 Beastly Appendage        Tmut           ###...       3%          1    #......
 Passwall                 Tmut/Erth      #.......     16%         2    ##.....
 Ice Form                 Ice/Tmut       ###.....     30%         4    #####..
 Spider Form              Tmut/Pois      #.........   32%         3    ###....
 Animate Skeleton         Necr           N/A          36%         1    #......
 Apportation              Tloc           #.....       36%         1    #......
 Confusing Touch          Hex            #.....       36%         1    #......
 Sandblast                Erth           #.....       36%         1    #......
 Summon Small Mammal      Summ           #...         36%         1    #......
 Call Imp                 Summ           #.......     50%         2    ##.....
 Blade Hands              Tmut           ###.......   65%         5    ######.
 Petrify                  Tmut/Erth      #.......     71%         4    #####..
 Summon Ice Beast         Ice/Summ       #.......     71%         4    #####..
 Call Canine Familiar     Summ           #.......     73%         3    ###....
 Confuse                  Hex            #.......     73%         3    ###....
 Gell's Gravitas          Tloc           #.........   73%         3    ###....
 Stone Arrow              Conj/Erth      #.....       73%         3    ###....
 Summon Guardian Golem    Hex/Summ       #.......     73%         3    ###....
 Metabolic Englaciation   Hex/Ice        #.........   96%         5    ######.
 Yara's Violent Unravell  Hex/Tmut       #.........   96%         5    ######.
 Summon Lightning Spire   Summ/Air       #.......     98%         4    #####..
 Lee's Rapid Deconstruct  Erth           #.........   100%        5    ######.
 Bolt of Cold             Conj/Ice       #.........   100%        6    #######
 Freezing Cloud           Conj/Ice/Air   #.........   100%        6    #######
 Simulacrum               Ice/Necr       #.........   100%        6    #######
 Statue Form              Tmut/Erth      #........    100%        6    #######
 Dragon Form              Tmut           ###.......   100%        7    #######
 Malign Gateway           Summ/Tloc      #.........   100%        7    #######
 Monstrous Menagerie      Summ           #.........   100%        7    #######
 Summon Greater Demon     Summ           #.........   100%        7    #######
 Summon Horrible Things   Summ           #.........   100%        8    #######


Dungeon Overview and Level Annotations

Branches:
Dungeon (10/15)            Temple (1/1) D:4            Lair (6/6) D:10
  Swamp (1/4) Lair:3       Spider (4/4) Lair:2        Slime (0/5) Lair:6
    Orc: D:9-12

Altars:
Ashenzari
Cheibriados
Dithmenos
Elyvilon
Fedhas
Gozag
Hepliaklqana
Kikubaaqudgha
Makhleb
Nemelex Xobeh
Okawaru
Qazlal
Ru
Sif Muna
Trog
Uskayaw
Vehumet
Wu Jian
Xom
Yredelemnul
Zin
The Shining One
Jiyva

Shops:
D:7 [   D:9 }   D:10 *

Annotations:
D:2 1 runed translucent door, Crazy Yiuf
D:5 3 runed translucent doors, Hogrash's ghost, novice HOFi; Sharpo's ghost, novice GrFi; troglodite's ghost, novice DsMo
D:8 2 transporters, RoseComp's ghost, novice OgWz
Lair:2 2 transporters, Zoobame's ghost, journeyman DEWz
Lair:6 3 runed translucent doors, Vojta's ghost, adept DDHu
Spider:1 2 runed translucent doors, Madgibble's ghost, adept GnAE


Innate Abilities, Weirdness & Mutations

You revert to your normal form in water You are very nimble and swift while swimming.
You are very stealthy in the water. (Stealth+)
Your life essence is reduced to manifest your ancestor. (-10% HP)
You are partially covered in iridescent scales. (AC +2)
You possess an exceptional clarity of mind.
Armour fits poorly on your strangely shaped body.


Message History

Gang up on whom?
Aim: an alligator (covering ground quickly) Attack!
The alligator completely misses your water elemental.
The alligator tail-slaps your water elemental!
Your water elemental is destroyed!
The swamp drake breathes noxious fumes at you.
The noxious blast misses you.
An alligator comes into view.
Your water elemental hits the alligator.
Your water elemental engulfs the alligator in water!
You hit the alligator.
The alligator is engulfed in noxious fumes.
The alligator appears confused.
You catch the helpless alligator completely off-guard!
You hit the alligator.
You tail-slap the alligator, but do no damage.
The alligator is engulfed in noxious fumes.
The alligator appears confused.
The alligator misses you. x2
Your water elemental hits the alligator!
You barely miss the alligator.
You tail-slap the alligator, but do no damage.
The alligator is engulfed in noxious fumes.
The alligator puts on a burst of speed!
Your water elemental hits the alligator.
The alligator is engulfed in noxious fumes.
The alligator slips free of the water.
The alligator bites your water elemental but does no damage.
The alligator closely misses your water elemental.
Your water elemental hits the alligator!
Your water elemental hits the alligator!
Your water elemental engulfs the alligator in water!
The alligator closely misses the alligator.
The alligator tail-slaps the alligator but does no damage.
The alligator bites itself.
The alligator tail-slaps itself!
Something closely misses your water elemental.
The alligator bites you!
* * * LOW HITPOINT WARNING * * *
You block the alligator's attack. You block the alligator's attack.
The alligator tail-slaps you!
* * * LOW HITPOINT WARNING * * *
The alligator bites you but does no damage.
The alligator tail-slaps you.
* * * LOW HITPOINT WARNING * * *
There is a staircase back to the Lair, spattered with blood here.
Unknown command.
You block the alligator's attack. The alligator tail-slaps you!
* * * LOW HITPOINT WARNING * * *
The alligator closely misses you. The alligator tail-slaps you!
You die...

≈E.≈≈≈≈≈.≈≈≈≈≈.≈§≈≈..≈≈≈..≈≈≈≈≈≈.
♣♣†...≈..≈≈≈≈≈.♣≈...≈≈≈..♣.≈≈≈≈..
♣♣♣♣♣♣♣..§≈≈≈.♣≈...≈≈≈.≈≈.≈≈≈...
♣...E≈≈.!....≈≈≈.≈....≈♣♣♣
♣♣≈^..≈≈.≈♣≈..≈≈..≈♣♣♣♣♣
♣♣♣♣...≈♣♣≈..≈.≈♣♣♣
♣♣≈.....♣......♣♣
♣♣..≈...[t...♣♣♣♣ ♣≈...♣≈♣≈@..≈♣
.♣......|♣≈≈♣≈≈≈.
≈.≈≈...≈.♣♣♣♣♣♣♣♣ .≈..≈§..≈≈♣
.≈§.≈≈..≈♣♣ .≈.≈....≈♣ ≈.....♣≈♣♣
..♣..≈≈.≈ .≈≈§.≈.≈♣


You could see an alligator and a friendly water elemental.

Vanquished Creatures
  Jorgrun (Swamp:1)
  Gastronok (Lair:3)
  Roxanne (Spider:3)
  Kirke (Lair:3)
  An azure jelly (Spider:2)
  A frost giant (IceCv)
  3 ghost moths
  2 spark wasps
  A fire dragon (Lair:6)
  5 hydras
  A catoblepas (Lair:4)
  An alligator (Swamp:1)
  A queen ant (Spider:2)
  2 death yaks (IceCv)
  Urug (Lair:4)
  A deep troll (Lair:6)
  An unseen horror (D:10)
  3 swamp dragons
  5 oklob plants
  9 wolf spiders
  14 orb spiders
  5 elephants (Lair:5)
  An ice statue (IceCv)
  2 torpor snails
  A guardian serpent (Lair:1)
  3 black mambas
  Psyche (D:9)
  6 komodo dragons
  8 spiny frogs
  A rime drake (Lair:5)
  13 demonic crawlers
  11 polar bears
  17 jumping spiders
  2 meliai (Spider:3)
  A merfolk (D:9)
  A queen bee (Spider:3)
  6 blink frogs
  3 slime creatures (Lair:3)
  A bog body (Lair:3)
  2 hornets (Spider:4)
  A tyrant leech (Swamp:1)
  3 dream sheep (Lair:6)
  3 hippogriffs
  Sigmund (D:2)
  40 redbacks
  A wyvern (D:10)
  44 yaks
  2 wraiths (Spider:1)
  2 hogs
  20 tarantellas
  A hungry ghost (D:8)
  3 basilisks
  5 steam dragons
  2 swamp worms (Swamp:1)
  2 insubstantial wisps (Swamp:1)
  2 wargs (D:10)
  An acid dragon (Lair:6)
  13 water moccasins
  8 porcupines
  Duvessa (D:7)
  4 orc warriors
  2 swamp drakes
  A sky beast (D:7)
  A black bear (Lair:3)
  A phantom (D:7)
  A centaur (D:7)
  18 wolves
  7 ogres
  14 crocodiles
  4 elf zombies (Ossuary)
  A big kobold (D:10)
  12 bullfrogs
  Dowan (D:7)
  A wyvern skeleton (D:8)
  2 scorpions (D:6)
  12 killer bees (Spider:3)
  3 wights (D:7)
  4 electric eels
  5 howler monkeys
  3 crimson imps
  4 centaur zombies (Ossuary)
  4 human zombies (Ossuary)
  4 jellies
  4 orc priests
  4 hounds
  8 orc wizards
  3 bullfrog skeletons
  4 iguanas
  6 worker ants
  2 hell rats (Lair:2)
  2 hound skeletons
  3 mummies (Ossuary)
  A worker ant zombie (D:7)
  4 gnolls (D:10)
  A howler monkey skeleton (D:6)
  10 adders
  An ooze (D:4)
  2 worms
  2 dart slugs
  8 leopard geckos
  32 orcs
  2 ball pythons
  2 bats
  4 giant cockroaches
  8 goblins
  8 hobgoblins
  4 jackals
  12 kobolds
  8 quokkas
  3 frilled lizards (D:1)
  A leopard gecko skeleton (D:4)
  A quokka skeleton (D:5)
  A quokka zombie (D:5)
  8 rats
  A fungus (Lair:5)
  4 plants
569 creatures vanquished.

Vanquished Creatures (collateral kills)
  Arachne (Spider:3)
  A thorn hunter (Lair:5)
  A ghost moth (Spider:2)
  An emperor scorpion (Spider:4)
  An entropy weaver (Spider:2)
  Josephine (Spider:1)
  A hydra (Lair:3)
  2 swamp dragons (Swamp:1)
  3 orb spiders
  13 wolf spiders
  2 oklob plants (Lair:2)
  A torpor snail (Spider:2)
  2 black mambas (Lair:6)
  A water nymph (Spider:4)
  4 spiny frogs
  A komodo dragon (Lair:6)
  A rime drake (Lair:6)
  6 demonic crawlers
  7 polar bears (IceCv)
  2 hornets
  A meliai (Spider:3)
  14 jumping spiders
  3 slime creatures (Lair:3)
  2 tyrant leeches
  2 dream sheep (Lair:6)
  2 blink frogs (Lair:6)
  A bog body (Lair:3)
  A hippogriff (Lair:1)
  16 redbacks
  A wyvern (Lair:4)
  10 yaks
  10 tarantellas
  A wraith (Spider:1)
  3 hogs
  5 basilisks
  A swamp worm (Swamp:1)
  2 insubstantial wisps (Swamp:1)
  2 water moccasins
  3 porcupines
  A black bear (Lair:3)
  An orc warrior (D:10)
  A wolf (IceCv)
  6 crocodiles
  7 bullfrogs
  8 killer bees (Spider:3)
  An electric eel (Spider:3)
  A crimson imp (Spider:1)
  2 orc wizards
  A hound (D:8)
  A jelly (D:8)
  3 hell rats (Lair:2)
  3 orcs
  A giant cockroach (D:8)
  6 plants
175 creatures vanquished.

Vanquished Creatures (others)
  2 ancestors (D:8)
  An iguana (Lair:6)
  29 knights
  A briar patch (Lair:5)
  12 fungi
  13 plants
  2 withered plants (D:5)
60 creatures vanquished.

Grand Total: 804 creatures vanquished

Notes
Turn   | Place    | Note
-------+----------+-------------------------------------------
     0 | D:1      | MalarOregon the Merfolk Gladiator began the quest for the
                  | Orb.
     0 | D:1      | Reached XP level 1. HP: 16/16 MP: 1/1
   129 | D:1      | Reached XP level 2. HP: 11/23 MP: 2/2
   289 | D:1      | Reached skill level 5 in Polearms
   393 | D:1      | You fall through a shaft!
   394 | D:2      | Noticed Sigmund
   822 | D:1      | Reached XP level 3. HP: 25/28 MP: 3/3
  1619 | D:2      | Reached skill level 1 in Shields
  1663 | D:2      | Found a runed translucent door.
  1664 | D:2      | Noticed Crazy Yiuf
  1953 | D:2      | Killed Sigmund
  1953 | D:2      | Reached skill level 7 in Polearms
  1953 | D:2      | Reached XP level 4. HP: 29/37 MP: 4/4
  1953 | D:2      | Reached XP level 5. HP: 33/42 MP: 5/5
  2257 | D:3      | Reached XP level 6. HP: 36/48 MP: 6/6
  3062 | D:4      | Found a staircase to the Ecumenical Temple.
  3080 | D:4      | Found a sand-covered staircase.
  3085 | Ossuary  | Entered an ossuary
  3113 | Ossuary  | Reached skill level 8 in Polearms
  3128 | Ossuary  | HP: 1/48 [human zombie (7)]
  3160 | Ossuary  | Reached XP level 7. HP: 10/54 MP: 7/7
  3582 | Ossuary  | Reached skill level 9 in Polearms
  3682 | Ossuary  | Reached skill level 5 in Fighting
  3682 | Ossuary  | Reached XP level 8. HP: 14/62 MP: 8/8
  4043 | Temple   | Entered the Ecumenical Temple
  4596 | D:4      | Reached skill level 5 in Shields
  4698 | D:4      | Reached skill level 10 in Polearms
  4911 | D:4      | Found a radiant altar of Vehumet.
  5187 | D:4      | Got a fine trident
  5252 | D:4      | Found a shattered altar of Ashenzari.
  5854 | D:5      | Entered Level 5 of the Dungeon
  6362 | D:4      | Reached skill level 11 in Polearms
  6561 | D:4      | Reached XP level 9. HP: 51/69 MP: 3/9
  6693 | D:5      | Noticed troglodite's ghost (novice DsMo)
  6694 | D:5      | Found a runed translucent gate.
  6694 | D:5      | Found a runed translucent gate.
  6694 | D:5      | Noticed Sharpo's ghost (novice GrFi)
  6695 | D:5      | Found a runed translucent gate.
  6695 | D:5      | Noticed Hogrash's ghost (novice HOFi)
  7648 | D:5      | Found a basalt altar of Yredelemnul.
  7753 | D:5      | Found a glowing golden altar of the Shining One.
  8222 | D:6      | Found a snail-covered altar of Cheibriados.
  8251 | D:6      | Reached skill level 12 in Polearms
  9148 | D:6      | Learned a level 2 spell: Sticks to Snakes
  9430 | D:6      | Reached skill level 1 in Transmutations
  9497 | D:7      | Noticed Duvessa
  9497 | D:7      | Noticed Dowan
  9516 | D:7      | Killed Duvessa
  9527 | D:7      | Killed Dowan
  9794 | D:7      | Reached XP level 10. HP: 28/79 MP: 3/10
 10064 | D:7      | Identified the cursed +1 trident of Crawling {chaos, Dex+4}
                  | (You found it on level 4 of the Dungeon)
 10220 | D:7      | Found Yfroam's Armour Shop.
 10278 | D:7      | Reached skill level 13 in Polearms
 10520 | D:8      | Found a hazy altar of Hepliaklqana.
 10520 | D:8      | Found an opulent altar of Gozag.
 10525 | D:8      | Found a sparkling altar of Nemelex Xobeh.
 10527 | D:8      | Found a bloodstained altar of Trog.
 10530 | D:8      | Found an ancient bone altar of Kikubaaqudgha.
 10540 | D:8      | Became a worshipper of Hepliaklqana the Forgotten
 10744 | D:8      | Found a stormy altar of Qazlal.
 10850 | D:8      | Found a transporter.
 10850 | D:8      | Noticed a moth of wrath
 10856 | D:8      | Identified the cursed +9 giant club "Caick" {elec, rF+ rC-
                  | Int+3}
 10856 | D:8      | Noticed RoseComp's ghost (novice OgWz)
 10861 | D:8      | Found a transporter.
 10938 | D:8      | Found a bloodstained altar of Trog.
 11016 | D:8      | Reached * piety under Hepliaklqana
 11709 | D:9      | Found Honned's Gadget Shoppe.
 12506 | D:9      | Reached ** piety under Hepliaklqana
 12513 | D:9      | Remembered your ancestor Friðuswiþ as a knight
 12603 | D:9      | Found a sacrificial altar of Ru.
 12755 | D:9      | Reached skill level 1 in Evocations
 12756 | D:9      | Noticed Psyche
 12770 | D:9      | Killed Psyche
 13074 | D:7      | Bought the +4 moon troll leather armour {Spirit, Regen++
                  | MP+5} for 654 gold pieces
 13074 | D:7      | Found the +4 moon troll leather armour {Spirit, Regen++
                  | MP+5}
 13395 | D:10     | Entered Level 10 of the Dungeon
 13498 | D:10     | Reached skill level 14 in Polearms
 13567 | D:10     | Found a staircase to the Lair.
 13580 | D:10     | Found Wukkidayt's General Store.
 13604 | D:10     | Found a shadowy altar of Dithmenos.
 13622 | D:10     | Killed an unseen horror
 13622 | D:10     | Reached skill level 5 in Transmutations
 13778 | D:10     | Reached XP level 11. HP: 68/77 MP: 5/12
 13955 | D:10     | Bought a scroll of teleportation for 36 gold pieces
 13965 | Lair:1   | Entered Level 1 of the Lair of Beasts
 14318 | Lair:1   | Reached skill level 10 in Shields
 14593 | Lair:1   | Reached skill level 15 in Polearms
 15087 | Lair:2   | Found a frozen archway.
 15119 | Lair:2   | Gained mutation: Armour fits poorly on your strangely
                  | shaped body. [potion of mutation]
 15119 | Lair:2   | Gained mutation: You possess an exceptional clarity of
                  | mind. [potion of mutation]
 15119 | Lair:2   | Gained mutation: You are partially covered in iridescent
                  | scales. (AC +2) [potion of mutation]
 15224 | IceCv    | Entered an ice cave
 15321 | IceCv    | Reached *** piety under Hepliaklqana
 15389 | IceCv    | Reached XP level 12. HP: 86/86 MP: 6/15
 15451 | IceCv    | Noticed a death yak
 15483 | IceCv    | Killed a death yak
 15538 | IceCv    | Reached skill level 10 in Fighting
 15576 | IceCv    | Reached skill level 5 in Evocations
 15850 | IceCv    | Noticed a death yak
 15932 | IceCv    | Killed a death yak
 15957 | IceCv    | Reached skill level 16 in Polearms
 16100 | IceCv    | Noticed a frost giant
 16127 | IceCv    | Killed a frost giant
 16673 | Lair:2   | Noticed Zoobame's ghost (journeyman DEWz)
 16673 | Lair:2   | Noticed a five-headed hydra
 16702 | Lair:2   | Found a hole to the Spider Nest.
 16738 | Lair:2   | You fall through a shaft!
 16803 | Lair:3   | Noticed a seven-headed hydra
 16816 | Lair:2   | Found a transporter.
 17255 | Lair:2   | Reached XP level 13. HP: 77/92 MP: 5/18
 17700 | Lair:2   | Found a transporter.
 18029 | Lair:2   | Found a transporter.
 18056 | Lair:2   | Found a transporter.
 18181 | Lair:2   | Found a hole to the Spider Nest.
 18702 | Lair:3   | Reached **** piety under Hepliaklqana
 18832 | Lair:3   | Found a staircase to the Swamp.
 19291 | Lair:3   | Noticed Gastronok
 19323 | Lair:3   | Killed Gastronok
 19836 | Lair:4   | Noticed Kirke
 20287 | Lair:3   | Killed Kirke
 20334 | Lair:4   | Noticed Urug
 20337 | Lair:4   | Killed Urug
 20916 | Lair:4   | Reached skill level 15 in Shields
 20945 | Lair:4   | Reached XP level 14. HP: 76/99 MP: 7/21
 21235 | Lair:5   | Reached skill level 1 in Invocations
 21284 | Lair:5   | Reached skill level 1 in Armour
 21448 | Lair:5   | You fall through a shaft!
 21448 | Lair:6   | Entered Level 6 of the Lair of Beasts
 21640 | Lair:6   | Noticed Nessos
 21644 | Lair:6   | Found a staircase to the Slime Pits.
 21645 | Lair:6   | Found a viscous altar of Jiyva.
 21701 | Lair:5   | Reached skill level 5 in Dodging
 21876 | Lair:5   | Reached skill level 10 in Evocations
 22369 | Lair:5   | Noticed a thorn hunter
 22369 | Lair:5   | an oklob plant changed into a thorn hunter
 23160 | Lair:5   | Killed a thorn hunter
 23962 | Lair:6   | Noticed Nessos
 23962 | Lair:6   | Nessos changed into Nessos the deep troll
 23982 | Lair:6   | Killed Nessos the deep troll
 24819 | Lair:6   | Noticed Vojta's ghost (adept DDHu)
 24836 | Lair:6   | Found a runed translucent gate.
 24836 | Lair:6   | Found a runed translucent gate.
 24836 | Lair:6   | Found a runed translucent gate.
 25054 | Lair:6   | Reached skill level 5 in Invocations
 25295 | Spider:1 | Entered Level 1 of the Spider Nest
 25503 | Spider:1 | Noticed Josephine
 25527 | Spider:1 | Killed Josephine
 25737 | Spider:1 | Reached XP level 15. HP: 107/107 MP: 10/22
 25870 | Spider:1 | Found a large runed translucent door.
 25871 | Spider:1 | Found a large runed translucent door.
 25871 | Spider:1 | Reached ***** piety under Hepliaklqana
 25886 | Spider:1 | Noticed Madgibble's ghost (adept GnAE)
 26765 | Spider:2 | Learned a level 6 spell: Ozocubu's Refrigeration
 26825 | Spider:2 | Noticed a ghost moth
 26842 | Spider:2 | Killed a ghost moth
 26854 | Spider:2 | HP: 5/108 [poisoned by a ghost moth]
 26859 | Spider:2 | HP: 3/108 [poisoned by a ghost moth]
 26864 | Spider:2 | HP: 3/108 [poisoned by a ghost moth]
 26869 | Spider:2 | HP: 4/108 [poisoned by a ghost moth]
 27071 | Spider:2 | Reached skill level 1 in Ice Magic
 27197 | Spider:2 | Got a warped helmet
 27208 | Spider:2 | Identified the +0 helmet of Keozeth {Str+2} (You found it
                  | on level 2 of the Spider Nest)
 27323 | Spider:2 | Reached skill level 1 in Spellcasting
 27652 | Spider:2 | Noticed an emperor scorpion
 27656 | Spider:2 | Noticed an azure jelly
 27656 | Spider:2 | an emperor scorpion changed into an azure jelly
 27667 | Spider:2 | Killed an azure jelly
 28859 | Spider:3 | Identified Roxanne's Disquisition on Transmigration
 28859 | Spider:3 | Noticed Roxanne
 29073 | Spider:3 | Killed Roxanne
 29381 | Spider:3 | Noticed Arachne
 29572 | Spider:3 | Reached skill level 5 in Armour
 29650 | Spider:3 | Killed Arachne
 29650 | Spider:3 | Reached XP level 16. HP: 85/114 MP: 5/24
 30249 | Spider:4 | Entered Level 4 of the Spider Nest
 30413 | Spider:4 | Reached skill level 10 in Dodging
 30979 | Spider:4 | Reached skill level 5 in Ice Magic
 31020 | Spider:4 | Paralysed by a hornet for 2 turns
 32164 | D:9      | Bought a wand of flame (19) for 136 gold pieces
 32164 | D:9      | Bought a wand of clouds (6) for 390 gold pieces
 32164 | D:9      | Bought a wand of enslavement (5) for 91 gold pieces
 32215 | D:10     | Bought a wand of digging (6) for 240 gold pieces
 32215 | D:10     | Bought a scroll of remove curse for 36 gold pieces
 32215 | D:10     | Bought a potion of ambrosia for 96 gold pieces
 32215 | D:10     | Bought a scroll of remove curse for 36 gold pieces
 32281 | Swamp:1  | Entered Level 1 of the Swamp
 32465 | Lair:3   | HP: 5/116 [poisoned by a swamp dragon (poison gas)]
 32499 | Lair:3   | HP: 5/116 [poisoned by a swamp dragon (poison gas)]
 32505 | Lair:3   | HP: 5/116 [poisoned by a swamp dragon (poison gas)]
 32513 | Lair:3   | HP: 5/116 [poisoned by a swamp dragon (poison gas)]
 32913 | Swamp:1  | Noticed Jorgrun
 32953 | Swamp:1  | Killed Jorgrun
 33663 | Swamp:1  | Slain by an alligator

Skill      XL: |  1  2  3  4  5  6  7  8  9 10 11 12 13 14 15 16 |
---------------+-------------------------------------------------+-----
Polearms       | 5 7 8 9 11 12 14 15 16 | 16.0
Fighting       | 3 4 5 6 7 8 9 10 11 12 | 12.9
Shields        | 2 3 4 6 8 9 10 13 15 | 15.0
Transmutations | 2 5 6 |  6.0
Evocations     | 2 4 7 9 10 11 12 | 12.0
Invocations    | 5 7 9 |  9.1
Armour         | 3 5 6 |  6.2
Dodging        | 7 9 10 | 10.0
Ice Magic      | 3 6 |  6.2
Spellcasting   | 3 4 |  4.0
Throwing       | |  2.0

Action                   |  1- 3 |  4- 6 |  7- 9 | 10-12 | 13-15 | 16-18 || total
-------------------------+-------+-------+-------+-------+-------+-------++-------
Melee: Trident           |   122 |   159 |   601 |   951 |  1876 |   699 ||  4408
       Tailslap          |       |       |     1 |       |    28 |    33 ||    62
       Unarmed           |       |       |       |       |     1 |       ||     1
Throw: Javelin           |       |       |       |       |     6 |       ||     6
 Cast: Sticks to Snakes  |       |       |       |     7 |     6 |     1 ||    14
Invok: Recall Ancestor   |       |       |       |     4 |     6 |     3 ||    13
       Ancestor Life: Kn |       |       |       |     1 |       |       ||     1
       Idealise          |       |       |       |       |     1 |       ||     1
Evoke: Wand              |       |       |       |    34 |    74 |    13 ||   121
       Phial of floods   |       |       |       |       |     3 |     2 ||     5
       Box of beasts     |       |       |       |       |     1 |       ||     1
       Fan of gales      |       |       |       |       |       |     2 ||     2
  Use: Potion            |       |     5 |     4 |     3 |     3 |    10 ||    25
       Scroll            |       |       |    14 |    10 |    17 |     1 ||    42
 Stab: Sleeping          |     3 |       |     1 |     3 |       |       ||     7
       Invisible         |       |    12 |     2 |       |       |       ||    14
       Distracted        |       |       |     1 |    10 |     7 |     3 ||    21
       Confused          |       |       |       |       |       |     1 ||     1
  Eat: Chunk             |     2 |     2 |    18 |    30 |    30 |     8 ||    90
       Ration            |       |     1 |     1 |     1 |     1 |     1 ||     5
Armor: Leather armour    |    19 |    26 |    47 |    11 |       |       ||   103
       Troll leather arm |       |       |       |   114 |   269 |   106 ||   489
       Ring mail         |       |       |       |     1 |       |       ||     1
       Swamp dragon scal |       |       |       |       |       |    19 ||    19
Dodge: Dodged            |    62 |    61 |   130 |   215 |   615 |   302 ||  1385
Block: Shield            |    18 |    57 |   172 |   292 |  1051 |   511 ||  2101
       Reflection        |       |       |       |       |     6 |     1 ||     7
